 Dungeon Crawl Stone Soup version 0.25-a0-479-g8579842fd4 (webtiles) character file.

Game seed: 13281418518532054494, levelgen mode: deterministic

4086 Esekla the Thaumaturge (level 10, -12/50 HPs)
             Began as a Deep Elf Wizard on Feb 9, 2020.
             Was an Initiate of Gozag.
             Mangled by a death yak (26 damage)
             ... on level 9 of the Dungeon on Feb 10, 2020.
             The game lasted 01:25:50 (10351 turns).

Esekla the Thaumaturge (Deep Elf Wizard)           Turns: 10351, Time: 01:25:50

Health: -12/50     AC:  3    Str: 12    XL:     10   Next: 5%
Magic:  0/26       EV: 15    Int: 28    God:    Gozag
Gold:   10         SH:  0    Dex: 11    Spells: 13/30 levels left

rFire    + . .     SeeInvis .   v - +5 dagger of the Enemy {venom, MR+ Str+4}
rCold    + . .     Gourm    .   (no shield)
rNeg     + . .     Faith    .   c - +0 robe {rC+ rF+}
rPois    .         Spirit   +   E - +0 helmet
rElec    .         Reflect  .   (no cloak)
rCorr    .         Harm     .   (no gloves)
MR       ++...                  (no boots)
Stlth    ++........             H - amulet "Orokluocs" {Spirit Int+3 Dex-3 Slay+2}
HPRegen  0.16/turn              R - +3 ring of strength
MPRegen  0.20/turn              L - ring of positive energy

@: gold aura
A: no striking features
a: Potion Petition, Call Merchant, Bribe Branch, Renounce Religion


You were on level 9 of the Dungeon.
You worshipped Gozag.
Gozag was noncommittal.
You were hungry.

You visited 2 branches of the dungeon, and saw 10 of its levels.

You collected 1187 gold pieces.
You spent 1091 gold pieces at shops.
You paid 86 gold pieces to Gozag.

Inventory:

Hand Weapons
 d - the +6 falchion "Ryisming" {drain, Dex+2}
   (You bought it in a shop on level 4 of the Dungeon)

   A truly terrible weapon, it drains the life of those it strikes.
   It affects your dexterity (+2).
 e - a +0 dagger of electrocution
 v - the +5 dagger of the Enemy (weapon) {venom, MR+ Str+4}
   (You bought it in a shop on level 4 of the Dungeon)

   It poisons the flesh of those it strikes.
   It affects your strength (+4).
   It affects your resistance to hostile enchantments.
 w - a +0 scimitar of holy wrath
 N - a +0 spear
 O - a +3 dagger
Missiles
 b - 5 boomerangs
 q - 5 javelins (quivered)
Armour
 c - a +0 robe of resistance (worn)
 r - a +3 ring mail of fire resistance
 E - a +0 helmet (worn)
 K - a +0 robe of positive energy
Jewellery
 f - an uncursed ring of flight
 i - an uncursed ring of protection from cold
 H - the amulet "Orokluocs" (around neck) {Spirit Int+3 Dex-3 Slay+2}
   (You found it on level 5 of the Dungeon)

   [amulet of guardian spirit]

   It causes incoming damage to be split between your health and magic.
   It affects your intelligence (+3).
   It affects your dexterity (-3).
   It affects your accuracy and damage with ranged weapons and melee attacks
   (+2).
 L - a ring of positive energy (right hand)
 R - a +3 ring of strength (left hand)
Wands
 G - a wand of random effects (21)
 Q - a wand of digging (4)
Scrolls
 g - a scroll of enchant armour {unknown}
 k - 7 scrolls of teleportation
 l - 5 scrolls of remove curse
 n - 3 scrolls of fog {unknown}
 x - 2 scrolls of blinking {unknown}
 y - 2 scrolls of amnesia
 A - a scroll of torment
 B - 2 scrolls of magic mapping {unknown}
 C - 2 scrolls of fear {unknown}
 M - 2 scrolls of enchant weapon {unknown}
 P - 2 scrolls of vulnerability {unknown}
Potions
 a - 3 potions of curing
 h - 2 potions of lignification
 j - a potion of cancellation {unknown}
 m - 4 potions of heal wounds
 o - a potion of ambrosia {unknown}
 p - 2 potions of mutation
 s - a potion of might {unknown}
 t - 3 potions of haste
 u - 2 potions of agility
 z - a potion of magic {unknown}
 D - 2 potions of berserk rage
 F - a potion of flight {unknown}
Miscellaneous
 I - a lightning rod (4/4)
Comestibles
 J - 15 rations


   Skills:
 * Level 2.9(4.1) Short Blades
 * Level 3.9(4.3) Long Blades
 + Level 0.8 Throwing
 * Level 6.5 Dodging
 + Level 3.8 Stealth
 * Level 10.9 Spellcasting
 + Level 4.6 Conjurations
 * Level 3.9 Hexes
 * Level 3.2 Charms
   Level 1.1 Summonings
 + Level 3.8 Translocations
 + Level 3.1 Fire Magic
 * Level 2.7 Ice Magic
 + Level 2.6 Air Magic
 + Level 3.0 Poison Magic
 * Level 2.0 Evocations


You had 13 spell levels left.
You knew the following spells:

 Your Spells              Type           Power        Failure   Level  Hunger
a - Ozocubu's Armour      Chrm/Ice       ####....     3%          3    None
b - Blink                 Tloc           N/A          1%          2    None
c - Mephitic Cloud        Conj/Pois/Air  ####....     2%          3    None
d - Magic Dart            Conj           ####         1%          1    None
e - Spectral Weapon       Hex/Chrm       #####...     2%          3    None
f - Conjure Flame         Conj/Fire      #####...     2%          3    None
s - Song of Slaying       Chrm           ####....     1%          2    None

Your spell library contained the following spells:

 Spells                   Type           Power        Failure   Level  Hunger
 Infusion                 Chrm           ####         1%          1    None
 Shock                    Conj/Air       ####         1%          1    None
 Shroud of Golubria       Chrm/Tloc      #####.       1%          2    None
 Slow                     Hex            #####...     1%          2    None
 Swiftness                Chrm/Air       ####....     1%          2    None
 Beastly Appendage        Tmut           ###...       3%          1    None
 Call Imp                 Summ           ###.....     3%          2    None
 Sticks to Snakes         Tmut           ###.....     5%          2    None
 Spider Form              Tmut/Pois      ###.......   6%          3    None
 Airstrike                Air            ####......   12%         4    None
 Ice Form                 Ice/Tmut       ###.....     21%         4    None
 Blade Hands              Tmut           ###.......   71%         5    ###....
 Ozocubu's Refrigeration  Ice            ####......   88%         6    #####..


Dungeon Overview and Level Annotations

Branches:
Dungeon (9/15)             Temple (1/1) D:4
   Lair: D:8-11         Orc: D:9-12

Altars:
Ashenzari
Cheibriados
Gozag
Kikubaaqudgha
Makhleb
Nemelex Xobeh
Okawaru
Qazlal
Ru
Sif Muna
Trog
Uskayaw
Vehumet
Wu Jian
Yredelemnul

Shops:
D:4 *(*


Message History

Aim: a yak You throw a javelin.
The javelin pierces through the death yak!
You kill the death yak!
Your Charms skill increases to level 3!
Your Evocations skill increases to level 2!
You have reached level 10!
The javelin completely misses the death yak.
The javelin pierces through the yak!
The yak is moderately wounded.
Your icy armour cracks and falls away as you move.
The death yak is engulfed in blazing flames.
The death yak gores you!
* * * LOW HITPOINT WARNING * * *
Casting: Blink (safe; 1% risk of failure)
Confirm with . or Enter, or press ? or * to list all spells.
You blink.
The death yak gores you!!
Ouch! That really hurt!
You die...
Your body crumbles into a pile of gold.

#.$$# ###.## #.Y#
##Y# ######.####
#.....$Y..#
#######.........#
.......<........#
#######.......@.#
#........Y####
#............#
#..........Y§#
##############


You could see 3 death yaks and 2 yaks.

Vanquished Creatures
  2 death yaks (D:9)
  2 hornets (D:8)
  Prince Ribbit (D:6)
  2 yaks (D:9)
  Duvessa (D:5)
  2 orc warriors (D:7)
  2 sky beasts
  A phantom (D:5)
  2 ogres
  2 centaurs (D:8)
  Blork the orc (D:6)
  A wyvern skeleton (D:6)
  Dowan (D:5)
  2 scorpions
  A crimson imp (D:5)
  A jelly (D:7)
  3 hounds
  2 orc priests
  7 orc wizards
  A centaur skeleton (D:7)
  An iguana (D:4)
  8 worker ants
  A worker ant zombie (D:7)
  A howler monkey skeleton (D:8)
  11 adders
  An adder zombie (D:8)
  3 adder skeletons
  3 worms
  2 dart slugs (D:1)
  6 leopard geckos
  16 orcs
  8 bats
  3 giant cockroaches
  6 goblins
  11 hobgoblins
  9 jackals
  3 quokkas
  2 ball pythons
  8 frilled lizards
  4 kobolds
  11 rats
  A spectral weapon (D:8)
156 creatures vanquished.

Vanquished Creatures (others)
  A spectral weapon (D:8)
1 creature vanquished.

Grand Total: 157 creatures vanquished

Notes
Turn   | Place    | Note
-------+----------+-------------------------------------------
     0 | D:1      | Esekla the Deep Elf Wizard began the quest for the Orb.
     0 | D:1      | Reached XP level 1. HP: 10/10 MP: 7/7
   339 | D:1      | Reached skill level 5 in Spellcasting
   339 | D:1      | Reached XP level 2. HP: 15/15 MP: 3/10
   918 | D:2      | Learned a level 2 spell: Blink
   923 | D:2      | Reached XP level 3. HP: 19/19 MP: 6/12
  1254 | D:2      | Reached skill level 6 in Spellcasting
  1453 | D:2      | Learned a level 3 spell: Mephitic Cloud
  1457 | D:2      | Learned a level 3 spell: Conjure Flame
  1534 | D:3      | Reached XP level 4. HP: 21/24 MP: 5/14
  1923 | D:2      | Found a bloodstained altar of Trog.
  1979 | D:4      | Found Fukkatot's Assorted Antiques.
  2023 | D:4      | Found a staircase to the Ecumenical Temple.
  2142 | D:4      | Found Naeni's General Store.
  2184 | Temple   | Entered the Ecumenical Temple
  2283 | Temple   | Became a worshipper of Gozag Ym Sagoz the Greedy
  2340 | D:4      | Bought a scroll of identify for 24 gold pieces
  2421 | D:4      | Reached XP level 5. HP: 28/28 MP: 12/16
  2528 | D:4      | Noticed an ogre
  2554 | D:4      | Killed an ogre
  2554 | D:4      | Reached skill level 7 in Spellcasting
  2554 | D:4      | Reached skill level 1 in Fire Magic
  2554 | D:4      | Reached skill level 1 in Air Magic
  2554 | D:4      | Reached skill level 1 in Poison Magic
  2618 | D:4      | Found Iqeaklokoe's Antique Weapon Shop.
  2657 | D:4      | Reached XP level 6. HP: 32/32 MP: 6/18
  3137 | D:4      | Found a radiant altar of Vehumet.
  3137 | D:4      | Found a shattered altar of Ashenzari.
  3308 | D:4      | Bought 2 inky potions for 45 gold pieces
  3308 | D:4      | Bought a scroll labeled DIONKI DIRAX for 25 gold pieces
  3308 | D:4      | Bought a scroll labeled WAF TOPUTSYT for 25 gold pieces
  3308 | D:4      | Bought a brown potion for 22 gold pieces
  3308 | D:4      | Bought a scroll labeled CAKHLI TEYSO for 25 gold pieces
  3308 | D:4      | Bought a coppery potion for 22 gold pieces
  3308 | D:4      | Bought a metallic coppery potion for 22 gold pieces
  3308 | D:4      | Bought a scroll labeled NEOTUH QUDEX for 25 gold pieces
  3308 | D:4      | Bought a sedimented purple potion for 22 gold pieces
  3414 | D:3      | Found a sacrificial altar of Ru.
  4940 | D:5      | Entered Level 5 of the Dungeon
  4950 | D:5      | Noticed a sky beast
  5279 | D:5      | Reached skill level 1 in Long Blades
  5279 | D:5      | Reached XP level 7. HP: 36/36 MP: 11/20
  5328 | D:5      | Found a snail-covered altar of Cheibriados.
  5508 | D:5      | Got a warped platinum amulet
  5753 | D:5      | Identified the amulet "Orokluocs" {Spirit Int+3 Dex-3
                  | Slay+2} (You found it on level 5 of the Dungeon)
  5891 | D:5      | Reached skill level 8 in Spellcasting
  5978 | D:4      | Bought a fine falchion for 232 gold pieces
  5980 | D:4      | Identified the +6 falchion "Ryisming" {drain, Dex+2} (You
                  | bought it in a shop on level 4 of the Dungeon)
  6061 | D:5      | Noticed Duvessa
  6061 | D:5      | Noticed Dowan
  6069 | D:5      | Killed Dowan
  6074 | D:5      | Killed Duvessa
  6409 | D:4      | Bought a bloodstained dagger for 203 gold pieces
  6409 | D:4      | Identified the +5 dagger of the Enemy {venom, MR+ Str+4}
                  | (You bought it in a shop on level 4 of the Dungeon)
  6456 | D:6      | Found an ornate altar of the Wu Jian Council.
  6456 | D:6      | Found an iron altar of Okawaru.
  6547 | D:6      | Reached XP level 8. HP: 23/41 MP: 8/22
  6564 | D:6      | Noticed Prince Ribbit
  6752 | D:6      | Found a sparkling altar of Nemelex Xobeh.
  6797 | D:6      | Noticed Blork the orc
  6813 | D:6      | Killed Blork the orc
  6852 | D:6      | Killed Prince Ribbit
  6862 | D:6      | Reached skill level 9 in Spellcasting
  7343 | D:7      | Reached skill level 1 in Short Blades
  7368 | D:7      | Reached skill level 5 in Dodging
  8059 | D:7      | Learned a level 3 spell: Ozocubu's Armour
  8063 | D:7      | Learned a level 3 spell: Spectral Weapon
  8480 | D:8      | Noticed a hornet
  8487 | D:8      | Killed a hornet
  8487 | D:8      | Reached skill level 10 in Spellcasting
  8487 | D:8      | Reached XP level 9. HP: 28/45 MP: 11/25
  8766 | D:8      | Reached skill level 1 in Charms
  9012 | D:8      | Paralysed by a hornet for 2 turns
  9014 | D:8      | Reached skill level 1 in Hexes
  9014 | D:8      | Reached skill level 1 in Ice Magic
  9870 | D:4      | Bought a scroll of identify for 24 gold pieces
  9906 | D:4      | Bought a droning book for 375 gold pieces
  9909 | D:4      | Learned a level 2 spell: Song of Slaying
 10105 | D:9      | Noticed a death yak
 10135 | D:9      | Killed a death yak
 10135 | D:9      | Reached skill level 1 in Evocations
 10327 | D:9      | Noticed a death yak
 10330 | D:9      | Noticed a death yak
 10331 | D:9      | Noticed a death yak
 10335 | D:9      | Noticed a death yak
 10343 | D:9      | Killed a death yak
 10343 | D:9      | Reached XP level 10. HP: 24/50 MP: 8/26
 10351 | D:9      | Mangled by a death yak

Levels and vault maps discovered:
D:1:      dpeg_arrival_rooms_a, layout_loops_ring
D:2:      layout_basic, nicolae_overflow_hidden_temple
D:3:      layout_basic, nicolae_ru_awakened_eye, minmay_starry_boxes
D:4:      layout_basic, gammafunk_temple_overflow_pools,
          minmay_temple_entry_junction, first_ration, serial_shops, shop,
          nicolae_shop_statue_plus, shop_coins
D:5:      layout_cave_pods, lemuel_doored_altar, uniq_duvessa
D:6:      layout_loops_ring, okawaru_ov_weapons_minmay,
          overflow_temple_1_default, nemelex_xobeh_ov_fountains_minmay,
          minmay_strange_pillars, uniq_prince_ribbit1, uniq_blork_the_orc
D:7:      layout_basic, grunt_ogre_cave
D:8:      layout_cave_pods
D:9:      layout_roguey, lemuel_coloured_pillars_altar, xom_shifter_show,
          dpeg_lair_monsters
Temple:   minmay_temple_forest_path

Skill      XL: |  1  2  3  4  5  6  7  8  9 |
---------------+----------------------------+-----
Spellcasting   | 5 6 7 8 10 | 10.9
Dodging        | 3 4 5 6 |  6.5
Conjurations   | 2 3 4 |  4.6
Translocations | 2 3 |  3.8
Fire Magic     | 1 2 3 |  3.1
Air Magic      | 1 2 |  2.6
Poison Magic   | 1 2 3 |  3.0
Long Blades    | 1 2 3 |  3.9
Short Blades   | 1 2 |  2.9
Stealth        | 3 |  3.8
Charms         | 3 |  3.2
Hexes          | 3 |  3.9
Ice Magic      | 2 |  2.7
Evocations     | 2 |  2.0
Throwing       | |  0.8
Summonings     | |  1.1

Action                   |  1- 3 |  4- 6 |  7- 9 | 10-12 || total
-------------------------+-------+-------+-------+-------++-------
Melee: Dagger            |     1 |    14 |    90 |       ||   105
       Scimitar          |       |    40 |    15 |       ||    55
       Falchion          |       |       |    12 |       ||    12
Throw: Javelin           |       |     3 |    12 |       ||    15
       Boomerang         |       |       |    11 |       ||    11
 Cast: Magic Dart        |   103 |   144 |   103 |       ||   350
       Mephitic Cloud    |       |     8 |    20 |       ||    28
       Blink             |       |     5 |     9 |     1 ||    15
       Conjure Flame     |       |     4 |     8 |       ||    12
       Ozocubu's Armour  |       |       |     5 |       ||     5
       Spectral Weapon   |       |       |     3 |       ||     3
  Use: Scroll            |       |     4 |     9 |       ||    13
 Stab: Sleeping          |       |     6 |     5 |       ||    11
       Confused          |       |     5 |     4 |       ||     9
  Eat: Chunk             |     1 |     3 |       |       ||     4
       Ration            |       |     3 |     4 |       ||     7
Armor: Robe              |     3 |    11 |     5 |       ||    19
Dodge: Dodged            |    19 |    51 |    81 |       ||   151
       Rpst.: Scimitar   |       |    12 |     8 |       ||    20
       Falchion          |       |       |     5 |       ||     5

Table legend:
 A = Non-vault XP
 B = Vault XP
 C = Vault XP percentage of total XP
 D = Non-vault monster count
 E = Vault monster count
 F = Vault count percentage of total count
                 A         B        C        D         E       F
            +---------+---------+-------+---------+---------+-------
      Total |    3035 |    2803 |  48.0 |     143 |      12 |   7.7
            +---------+---------+-------+---------+---------+-------
        D:1 |      32 |       0 |   0.0 |      17 |       0 |   0.0
        D:2 |      86 |       0 |   0.0 |      25 |       0 |   0.0
        D:3 |      84 |       5 |   5.6 |      15 |       3 |  16.7
        D:4 |     410 |       0 |   0.0 |      26 |       0 |   0.0
        D:5 |     549 |     207 |  27.4 |      19 |       2 |   9.5
        D:6 |     180 |     330 |  64.7 |       7 |       2 |  22.2
        D:7 |     575 |     118 |  17.0 |      18 |       1 |   5.3
        D:8 |    1073 |       0 |   0.0 |      13 |       0 |   0.0
        D:9 |      46 |    2143 |  97.9 |       3 |       4 |  57.1
            +---------+---------+-------+---------+---------+-------
